 Dungeon Crawl Stone Soup version 0.30-a0-1103-g25895a7845 (webtiles) character file.

Game seed: 16145606688214951062

286 jasper the Firebug (level 6, -2/67 HPs)
             Began as an Ogre Fire Elementalist on Apr 18, 2023.
             Slain by Duvessa
             ... wielding a +0 rapier
              (16 damage)
             ... on level 4 of the Dungeon.
             The game lasted 00:06:37 (3851 turns).

jasper the Firebug (Ogre Fire Elementalist)         Turns: 3851, Time: 00:06:38

Health: -2/67      AC:  4    Str: 13    XL:     6   Next: 30%
Magic:  2/14       EV:  9    Int: 18    God:
Gold:   578        SH:  0    Dex:  9    Spells: 3/15 levels left

rFire   + . .      SeeInvis .    l - staff of fire
rCold   . . .      Faith    .    (no shield)
rNeg    . . .      Spirit   .    a - +1 robe
rPois   .          Reflect  .    (helmet restricted)
rElec   .          Rampage  .    (no cloak)
rCorr   .                        (gloves unavailable)
Will    .....                    (boots unavailable)
Stlth   +                        (no amulet)
HPRegen 0.31/turn                (no ring)
MPRegen 0.14/turn                (no ring)

@: no status effects
A: large, unfitting armour, tough skin 1
a: no special abilities


You were on level 4 of the Dungeon.
You visited 1 branch of the dungeon, and saw 4 of its levels.

You collected 578 gold pieces.

Inventory:

Hand Weapons
 d - a +0 club
 h - a +0 sling
Armour
 a - a +1 robe (worn)
Magical Staves
 l - a staff of fire (weapon)
Jewellery
 p - a ring of positive energy
Scrolls
 i - 3 scrolls of blinking {unknown}
 k - a scroll of immolation
 m - a scroll of vulnerability
 r - a scroll of teleportation
Potions
 b - 2 potions of magic
 c - a potion of cancellation
 e - 2 potions of degeneration
 f - 2 potions of attraction
 g - a potion of brilliance
 n - a potion of resistance {unknown}
 q - a potion of haste


   Skills:
 + Level 6.1 Fighting
 + Level 4.1 Staves
 - Level 1.7 Dodging
 - Level 1.4 Stealth
 + Level 5.4 Spellcasting
 * Level 6.0 Conjurations
 + Level 0.0 Translocations
 * Level 6.6 Fire Magic
 + Level 3.3 Evocations


You had 3 spell levels left.
You knew the following spells:

 Your Spells              Type           Power      Damage    Failure   Level
a - Foxfire               Conj/Fire      100%       2x1d9     1%          1
b - Scorch                Fire           86%        2d8       1%          2
c - Flame Wave            Conj/Fire      41%        2d11      10%         4
d - Mephitic Cloud        Conj/Pois/Air  12%        N/A       17%         3
e - Blink                 Tloc           10%        N/A       19%         2

Your spell library contained the following spells:

 Spells                   Type           Power      Damage    Failure   Level
 Magic Dart               Conj           100%       1d8       1%          1
 Momentum Strike          Conj/Tloc      30%        3d8       5%          2
 Inner Flame              Hex/Fire       25%        N/A       10%         3
 Volatile Blastmotes      Fire/Tloc      50%        2d14      10%         3
 Call Imp                 Summ           8%         N/A       19%         2
 Lesser Beckoning         Tloc           10%        N/A       19%         2


Dungeon Overview and Level Annotations

Branches:
Dungeon (4/15)
 Temple: D:4-7

Altars:
Hepliaklqana

Annotations:
D:4 Duvessa


Innate Abilities, Weirdness & Mutations

You are too large for most types of armour.
You have tough skin. (AC +1)


Message History

The foxfire hits Duvessa but does no damage.
Duvessa is severely wounded.
Dowan barely misses you. Duvessa hits you with a +0 rapier.
Dowan zaps a wand.
The roots erupt in riotous growth!
The grasping roots grab you!
Dowan is unaffected.
Your foxfire is unaffected.
Duvessa is unaffected.
Your foxfire is unaffected.
The grasping roots constrict you.
You take 6 damage, and have 43/67 hp.
You now have 3/14 mp.
Casting: Foxfire (safe; 1% risk of failure)
Confirm with . or Enter, or press ? or * to list all spells.
You feel a surge of power!
You conjure some foxfire!
Duvessa is no longer more vulnerable to fire.
The foxfire hits Dowan!
Dowan is burned terribly!
Dowan is severely wounded.
The foxfire hits Dowan!
Dowan is burned terribly!
You kill Dowan!
Duvessa weeps, and shakes her weapon.
Duvessa goes berserk!
Duvessa hits you with a +0 rapier. Duvessa hits you with a +0 rapier!
You take 18 damage, and have 25/67 hp.
MASSIVE DAMAGE!!
Casting: Foxfire (safe; 1% risk of failure)
Confirm with . or Enter, or press ? or * to list all spells.
You feel a surge of power!
You conjure some foxfire!
The foxfire hits Duvessa but does no damage.
Duvessa is severely wounded.
The foxfire hits Duvessa but does no damage.
Duvessa is severely wounded.
Duvessa hits you with a +0 rapier!
* * * LOW HITPOINT WARNING * * *
You take 12 damage, and have 13/67 hp.
You now have 2/14 mp.
Okay, then.
Okay, then.
Your foxfire dissipates!
The foxfire hits Duvessa.
Duvessa is severely wounded.
Duvessa hits you with a +0 rapier!
You die...

###....###..# #..........##
. ............# ..
......#.....## ...
....##.......## #### ....
..## #.....#..#####..##
..... .#
#.....###..##....####......
##..<## ##.......#....!....
##.## ##@ยง.......##.....
## ##e).....### ...
#..[......# # ##.........#
#...........# #...........#
#............#
##...........#
#..........##


You could see Duvessa (berserk, fast).

Vanquished Creatures
  Dowan (D:4)
  5 adders (D:2)
  A gnoll (D:1)
  A dart slug (D:1)
  An orc (D:3)
  10 endoplasms
  2 giant cockroaches
  5 goblins
  5 hobgoblins
  4 quokkas
  5 ball pythons
  5 bats
  3 frilled lizards
  10 kobolds
  7 rats
65 creatures vanquished.

Vanquished Creatures (others)
  56 foxfires
56 creatures vanquished.

Grand Total: 121 creatures vanquished

Notes
Turn   | Place    | Note
-------+----------+-------------------------------------------
     0 | D:1      | jasper the Ogre Fire Elementalist began the quest for the
                  | Orb.
     0 | D:1      | Reached XP level 1. HP: 16/16 MP: 3/3
     4 | D:1      | Reached skill level 1 in Conjurations
   150 | D:1      | Reached XP level 2. HP: 26/26 MP: 3/5
   394 | D:1      | Reached skill level 1 in Fighting
   607 | D:1      | Learned a level 2 spell: Scorch
   759 | D:1      | Reached XP level 3. HP: 33/33 MP: 4/7
  1257 | D:1      | Identified 2 scrolls of acquirement
  1257 | D:1      | Acquired a staff of fire
  1260 | D:1      | Acquired 416 gold pieces
  1471 | D:2      | Reached XP level 4. HP: 41/41 MP: 3/8
  1957 | D:2      | Learned a level 4 spell: Flame Wave
  2901 | D:3      | Found a hazy altar of Hepliaklqana.
  3209 | D:3      | Reached XP level 5. HP: 49/49 MP: 6/9
  3722 | D:3      | Reached skill level 5 in Spellcasting
  3722 | D:3      | Reached XP level 6. HP: 67/67 MP: 10/14
  3727 | D:3      | Learned a level 3 spell: Mephitic Cloud
  3730 | D:3      | Learned a level 2 spell: Blink
  3830 | D:4      | Noticed Duvessa
  3830 | D:4      | Noticed Dowan
  3849 | D:4      | Killed Dowan
  3851 | D:4      | Slain by Duvessa

Illustrated notes

Levels and vault maps discovered:
D:1:      dpeg_arrival_central, layout_loops_ring, due_unseen_surprise
D:2:      layout_basic
D:3:      layout_basic, old_standard_altar
D:4:      layout_cave_pods, dk_yredelemnul_ordeal, uniq_duvessa, uniq_robin

Skill      XL: |  1  2  3  4  5 |
---------------+----------------+-----
Conjurations   | 1 2 6 |  6.0
Fighting       | 1 2 6 |  6.1
Fire Magic     | 3 6 |  6.6
Spellcasting   | 3 5 |  5.4
Staves         | 4 |  4.1
Evocations     | 3 |  3.3
Dodging        | |  1.7
Stealth        | |  1.4

Action                     |  1- 3 |  4- 6 || total
---------------------------+-------+-------++-------
  Melee: Club              |     7 |       ||     7
         Staff             |       |     4 ||     4
   Cast: Foxfire           |    27 |     9 ||    36
         Scorch            |    18 |    39 ||    57
    Use: Scroll            |     2 |    12 ||    14
         Potion            |       |     1 ||     1
 Armour: Robe              |    14 |     2 ||    16
  Dodge: Dodged            |     8 |     6 ||    14

Table legend: (Time is in decaauts)
 A = Elapsed time spent in this place.
 B = Non-inter-level travel time spent in this place.
 C = Inter-level travel time spent in this place.
 D = Time resting spent in this place.
 E = Time spent auto-exploring this place.
 F = Levels seen in this place.
 G = Mean time per level.
                   A        B        C        D        E       F      G
               +--------+--------+--------+--------+--------+-----+--------+
         Total |   3851 |   3785 |     66 |     87 |   3285 |   4 |  962.8 |
       Dungeon |   3851 |   3785 |     66 |     87 |   3285 |   4 |  962.8 |
               +--------+--------+--------+--------+--------+-----+--------+

Top non-repeatable levels by time:
     D:2: 1324 daAuts
     D:1: 1299 daAuts
     D:3: 1130 daAuts
     D:4: 97 daAuts
